 Dungeon Crawl Stone Soup version 0.23.2 (webtiles) character file.

Game seed: 134453668525448106

2933 Illumine the Thaumaturge (level 9, -13/66 HPs)
             Began as a Gnoll Wizard on Sept 25, 2019.
             Was a Believer of Sif Muna.
             Mangled by a hornet (16 damage)
             ... on level 8 of the Dungeon on Sept 30, 2019.
             The game lasted 00:24:42 (6959 turns).

Illumine the Thaumaturge (Gnoll Wizard)             Turns: 6959, Time: 00:24:42

Health: -13/66     AC:  2    Str: 11    XL:     9   Next: 80%
Magic:  16/21      EV: 15    Int: 23    God:    Sif Muna [**....]
Gold:   184        SH:  0    Dex: 13    Spells: 7/25 levels left

rFire    . . .     SeeInvis .   u - +4 war axe of Expedience {freeze, -Tele +Fly rPois MR-}
rCold    . . .     Gourm    .   (no shield)
rNeg     . . .     Faith    .   a - +0 robe
rPois    +         Spirit   .   b - +0 hat
rElec    .         Reflect  .   (no cloak)
rCorr    .         Harm     .   (no gloves)
MR       .....     NoTele   +   (no boots)
Stlth    +++.......             i - amulet of regeneration
HPRegen  0.61/turn              (no ring)
MPRegen  0.17/turn              (no ring)

@: lethally poisoned (-13 -> -13)
A: distributed training, fangs 1, strong nose
a: Divine Energy, Renounce Religion, Evoke Flight


You were on level 8 of the Dungeon.
You worshipped Sif Muna.
Sif Muna was pleased with you.
You were hungry.

You visited 2 branches of the dungeon, and saw 9 of its levels.

You collected 362 gold pieces.
You spent 178 gold pieces at shops.

Inventory:

Hand Weapons
 j - a +2 hand axe of chopping
 o - a +1 dagger of venom
 u - the +4 war axe of Expedience (weapon) {freeze, -Tele +Fly rPois MR-}
   (You bought it in a shop on level 4 of the Dungeon)

   It has been specially enchanted to freeze those struck by it, causing extra
   injury to most foes and up to half again as much damage against particularly
   susceptible opponents.
   It can also slow down cold-blooded creatures.
   It protects you from poison.
   It affects your resistance to hostile enchantments.
   It lets you fly.
   It prevents most forms of teleportation.
Armour
 a - a +0 robe (worn)
 b - a +0 hat (worn)
Jewellery
 f - a +4 ring of protection {unknown}
 i - an amulet of regeneration (around neck)
Wands
 c - a wand of polymorph (3)
 q - a wand of random effects (44)
 r - a wand of paralysis (10)
Scrolls
 e - 4 scrolls of amnesia
 h - 2 scrolls of blinking {unknown}
 k - 6 scrolls of teleportation
 l - 8 scrolls of remove curse
 n - 2 scrolls of magic mapping
 t - 4 scrolls of enchant armour {unknown}
 y - 2 scrolls of immolation {unknown}
Potions
 m - 2 potions of curing
 p - a potion of flight
 s - 3 potions of magic
 v - 2 potions of agility
 w - 3 potions of might {unknown}
 x - a potion of cancellation {unknown}
 z - a potion of brilliance {unknown}
Comestibles
 d - 13 rations


   Skills:
 + Level 4.5 Fighting
 + Level 4.5 Short Blades
 + Level 4.5 Long Blades
 + Level 4.5 Axes
 + Level 4.5 Maces & Flails
 + Level 4.5 Polearms
 + Level 4.5 Staves
 + Level 4.5 Slings
 + Level 4.5 Bows
 + Level 4.5 Crossbows
 + Level 4.5 Throwing
 + Level 4.5 Armour
 + Level 6.5 Dodging
 + Level 6.2 Stealth
 + Level 4.5 Shields
 + Level 4.5 Unarmed Combat
 + Level 8.5 Spellcasting
 + Level 4.3 Conjurations
 + Level 3.7 Hexes
 + Level 3.7 Charms
 + Level 4.3 Summonings
 + Level 3.7 Necromancy
 + Level 4.3 Translocations
 + Level 3.7 Transmutations
 + Level 3.7 Fire Magic
 + Level 3.7 Ice Magic
 + Level 3.7 Air Magic
 + Level 3.7 Earth Magic
 + Level 3.7 Poison Magic
 + Level 5.0 Invocations
 + Level 4.5 Evocations


You had 7 spell levels left.
You knew the following spells:

 Your Spells              Type           Power        Failure   Level  Hunger
a - Magic Dart            Conj           ####         1%          1    None
b - Blink                 Tloc           N/A          1%          2    None
c - Call Imp              Summ           ####....     1%          2    None
d - Slow                  Hex            ####....     2%          2    None
e - Conjure Flame         Conj/Fire      ####....     3%          3    None
f - Mephitic Cloud        Conj/Pois/Air  ####....     4%          3    None
g - Tukima's Dance        Hex            ####....     4%          3    None
h - Ensorcelled Hibernat  Hex/Ice        ####..       2%          2    None

Your spell library contained the following spells:

 Spells                   Type           Power        Failure   Level  Hunger
 Corona                   Hex            ####...      1%          1    None
 Dazzling Spray           Conj/Hex       ####..       3%          3    None
 Confuse                  Hex            ####....     4%          3    None


Dungeon Overview and Level Annotations

Branches:
Dungeon (8/15)             Temple (1/1) D:5
   Lair: D:8-11

Altars:
Ashenzari
Cheibriados
Dithmenos
Gozag
Hepliaklqana
Kikubaaqudgha
Makhleb
Nemelex Xobeh
Okawaru
Qazlal
Ru
Sif Muna
Trog
Uskayaw
Vehumet
Xom
Yredelemnul
Zin
The Shining One

Shops:
D:4 (

Annotations:
D:7 Menkaure, Prince Ribbit


Innate Abilities, Weirdness & Mutations

Your experience applies equally to all skills.
You have very sharp teeth.
Your uncanny sense of smell can sniff out nearby items.


Message History

The hornet is severely wounded.
You feel sick. The hornet barely misses you. The hornet stings you.
* * * LOW HITPOINT WARNING * * *
You feel yourself slow down.
A yak comes into view.
You barely miss the hornet.
The hornet is heavily wounded.
You feel yourself speed up. The hornet completely misses you.
The hornet barely misses you.
Your crimson imp blinks!
The hornet stings you!
* * * LOW HITPOINT WARNING * * *
Unknown command.
You miss the hornet.
The hornet is heavily wounded.
You feel sick. The hornet barely misses you. x2
You hit the hornet but do no damage.
The hornet is heavily wounded.
The hornet stings you!
You die...

#..........##+######'#
#..........#.........5
#.....#'####..........
∆
#.....#...............
#.....#...............
+.....#........##.....
#.....#...##....######
#.....###+##....#
###....@'...##...##
.......y#.........#
.[......#.........#
........#...##....#
......Y.#...##...##
........#...#....#
........#...#....#
.......5#...######
.!......#####


You could see a yak, a hornet and a friendly crimson imp.

Vanquished Creatures
  Pikel (D:6)
  Joseph (D:7)
  A hippogriff (D:8)
  An orc warrior (D:8)
  An ice beast (D:7)
  An ogre (D:6)
  2 phantoms (D:4)
  A sky beast (D:8)
  A centaur (D:5)
  A bullfrog (D:8)
  2 scorpions
  2 howler monkeys (D:7)
  A crimson imp (D:5)
  A hound (D:5)
  A bullfrog zombie (D:6)
  2 jellies
  2 orc priests
  4 orc wizards
  5 worker ants
  A hound skeleton (D:6)
  6 adders
  An adder zombie (D:6)
  2 adder skeletons
  2 dart slugs
  2 leopard geckos
  17 orcs
  2 ball pythons
  7 giant cockroaches
  10 goblins
  9 hobgoblins
  7 jackals
  6 kobolds
  4 quokkas
  A ball python skeleton (D:6)
  10 bats
  5 frilled lizards
  A leopard gecko skeleton (D:4)
  5 rats
129 creatures vanquished.

Vanquished Creatures (collateral kills)
  An orc warrior (D:6)
  A sky beast (D:5)
  A black bear (D:6)
  3 ogres (D:5)
  A phantom (D:4)
  A centaur (D:6)
  2 howler monkeys
  A centaur skeleton (D:4)
  An orc wizard (D:3)
  An orc priest (D:3)
  An iguana (D:5)
  Ijyb (D:3)
  A hound zombie (D:6)
  An adder (D:2)
  4 gnolls (D:2)
  4 worms
  7 orcs
  A giant cockroach (D:5)
  5 goblins (D:3)
  3 jackals (D:3)
  A ball python (D:5)
  A bat (D:3)
  A frilled lizard (D:5)
  A rat (D:3)
45 creatures vanquished.

Vanquished Creatures (others)
  A black bear (D:6)
  2 slaves (D:6)
  An orc wizard (D:6)
  4 orcs (D:6)
  A quokka skeleton (D:6)
9 creatures vanquished.

Grand Total: 183 creatures vanquished

Notes
Turn   | Place    | Note
-------+----------+-------------------------------------------
     0 | D:1      | Illumine the Gnoll Wizard began the quest for the Orb.
     0 | D:1      | Reached XP level 1. HP: 13/13 MP: 8/8
   154 | D:1      | You fall through a shaft!
   169 | D:2      | Reached XP level 2. HP: 15/19 MP: 8/10
   407 | D:1      | Learned a level 2 spell: Blink
   410 | D:1      | Learned a level 2 spell: Call Imp
   413 | D:1      | Learned a level 2 spell: Slow
   619 | D:1      | Reached XP level 3. HP: 25/25 MP: 7/11
  1093 | D:2      | Reached skill level 1 in Invocations
  1158 | D:2      | Reached skill level 1 in Fighting
  1158 | D:2      | Reached skill level 1 in Short Blades
  1158 | D:2      | Reached skill level 1 in Long Blades
  1158 | D:2      | Reached skill level 1 in Axes
  1158 | D:2      | Reached skill level 1 in Maces & Flails
  1158 | D:2      | Reached skill level 1 in Polearms
  1158 | D:2      | Reached skill level 1 in Staves
  1158 | D:2      | Reached skill level 1 in Slings
  1158 | D:2      | Reached skill level 1 in Bows
  1158 | D:2      | Reached skill level 1 in Crossbows
  1158 | D:2      | Reached skill level 1 in Throwing
  1158 | D:2      | Reached skill level 1 in Armour
  1158 | D:2      | Reached skill level 1 in Shields
  1158 | D:2      | Reached skill level 1 in Unarmed Combat
  1158 | D:2      | Reached skill level 1 in Evocations
  1176 | D:2      | Reached XP level 4. HP: 32/32 MP: 3/13
  1935 | D:2      | Found an ancient bone altar of Kikubaaqudgha.
  2019 | D:3      | Reached skill level 1 in Hexes
  2019 | D:3      | Reached skill level 1 in Charms
  2019 | D:3      | Reached skill level 1 in Necromancy
  2019 | D:3      | Reached skill level 1 in Transmutations
  2019 | D:3      | Reached skill level 1 in Fire Magic
  2019 | D:3      | Reached skill level 1 in Ice Magic
  2019 | D:3      | Reached skill level 1 in Air Magic
  2019 | D:3      | Reached skill level 1 in Earth Magic
  2019 | D:3      | Reached skill level 1 in Poison Magic
  2145 | D:3      | Found a hide-covered altar of Uskayaw.
  2199 | D:3      | Learned a level 3 spell: Conjure Flame
  2203 | D:3      | Learned a level 3 spell: Mephitic Cloud
  2230 | D:3      | Reached XP level 5. HP: 32/37 MP: 12/14
  2883 | D:3      | Noticed Ijyb
  2899 | D:3      | Killed Ijyb
  3011 | D:4      | Found Gusukh's Antique Weapon Emporium.
  3049 | D:4      | Reached XP level 6. HP: 43/44 MP: 16/16
  3059 | D:4      | Noticed a phantom
  3111 | D:4      | Killed a phantom
  3124 | D:4      | Found an iron altar of Okawaru.
  3229 | D:4      | Reached skill level 5 in Dodging
  3424 | D:4      | Noticed a phantom
  3446 | D:4      | Noticed a phantom
  3474 | D:4      | Killed a phantom
  3786 | D:4      | Killed a phantom
  3786 | D:4      | Reached XP level 7. HP: 18/50 MP: 1/18
  4156 | D:4      | Found a shattered altar of Ashenzari.
  4343 | D:4      | Bought a shimmering war axe for 178 gold pieces
  4343 | D:4      | Identified the +4 war axe of Expedience {freeze, -Tele +Fly
                  | rPois MR-} (You bought it in a shop on level 4 of the
                  | Dungeon)
  4383 | D:5      | Entered Level 5 of the Dungeon
  4482 | D:5      | Found a sacrificial altar of Ru.
  4737 | D:5      | Reached skill level 5 in Stealth
  4755 | D:5      | Found a staircase to the Ecumenical Temple.
  4765 | Temple   | Entered the Ecumenical Temple
  4831 | Temple   | Became a worshipper of Sif Muna the Loreminder
  5161 | D:5      | Reached XP level 8. HP: 47/57 MP: 16/19
  5285 | D:6      | Noticed Pikel
  5291 | D:6      | HP: 2/57 [slave[Pikel] (9)]
  5294 | D:6      | Killed Pikel
  5294 | D:6      | Reached skill level 8 in Spellcasting
  5679 | D:6      | Reached * piety under Sif Muna
  5685 | D:6      | Reached XP level 9. HP: 46/65 MP: 15/21
  6143 | D:7      | Found a shimmering altar of Xom.
  6221 | D:7      | Noticed Joseph
  6247 | D:7      | Killed Joseph
  6368 | D:7      | Noticed Prince Ribbit
  6368 | D:7      | Noticed Menkaure
  6473 | D:8      | Learned a level 3 spell: Tukima's Dance
  6477 | D:8      | Learned a level 2 spell: Ensorcelled Hibernation
  6549 | D:8      | Reached ** piety under Sif Muna
  6874 | D:8      | Reached skill level 5 in Invocations
  6943 | D:8      | Noticed a hornet
  6957 | D:8      | HP: 2/66 [hornet (10)]
  6959 | D:8      | Mangled by a hornet

Skill      XL: |  1  2  3  4  5  6  7  8  9 |
---------------+----------------------------+-----
Conjurations   | 2 3 4 |  4.3
Summonings     | 2 3 4 |  4.3
Translocations | 2 3 4 |  4.3
Invocations    | 1 2 3 4 5 |  5.0
Fighting       | 1 2 3 4 |  4.5
Short Blades   | 1 2 3 4 |  4.5
Long Blades    | 1 2 3 4 |  4.5
Axes           | 1 2 3 4 |  4.5
Maces & Flails | 1 2 3 4 |  4.5
Polearms       | 1 2 3 4 |  4.5
Staves         | 1 2 3 4 |  4.5
Slings         | 1 2 3 4 |  4.5
Bows           | 1 2 3 4 |  4.5
Crossbows      | 1 2 3 4 |  4.5
Throwing       | 1 2 3 4 |  4.5
Armour         | 1 2 3 4 |  4.5
Shields        | 1 2 3 4 |  4.5
Unarmed Combat | 1 2 3 4 |  4.5
Evocations     | 1 2 3 4 |  4.5
Hexes          | 1 2 3 |  3.7
Charms         | 1 2 3 |  3.7
Necromancy     | 1 2 3 |  3.7
Transmutations | 1 2 3 |  3.7
Fire Magic     | 1 2 3 |  3.7
Ice Magic      | 1 2 3 |  3.7
Air Magic      | 1 2 3 |  3.7
Earth Magic    | 1 2 3 |  3.7
Poison Magic   | 1 2 3 |  3.7
Dodging        | 5 6 |  6.5
Stealth        | 5 6 |  6.2
Spellcasting   | 8 |  8.5

Action                   |  1- 3 |  4- 6 |  7- 9 || total
-------------------------+-------+-------+-------++-------
Melee: Club              |    18 |       |       ||    18
       Bite              |     1 |     9 |    19 ||    29
       Hand axe          |     2 |    41 |    12 ||    55
       Dagger            |       |    75 |       ||    75
       Punch             |       |     1 |     6 ||     7
       War axe           |       |       |   164 ||   164
 Cast: Magic Dart        |    46 |    33 |    12 ||    91
       Call Imp          |     8 |    55 |    41 ||   104
       Blink             |     1 |       |       ||     1
       Mephitic Cloud    |       |     8 |    20 ||    28
  Use: Scroll            |     1 |     5 |     4 ||    10
 Stab: Sleeping          |     1 |     1 |     3 ||     5
       Confused          |       |     1 |     7 ||     8
       Distracted        |       |     1 |       ||     1
  Eat: Chunk             |     1 |     7 |     7 ||    15
       Ration            |       |     1 |       ||     1
Armor: Robe              |     8 |    16 |    13 ||    37
       Skin              |     1 |       |       ||     1
Dodge: Dodged            |    28 |    89 |   129 ||   246
